 Dungeon Crawl Stone Soup version 0.18-a0-1-gfac8111 (webtiles) character file.

107 Raultor the Chiller (level 4, -4/27 HPs)
             Began as an Octopode Ice Elementalist on Oct 30, 2015.
             Killed by divine providence
             ... invoked by an orc priest
              (11 damage)
             ... on level 3 of the Dungeon.
             The game lasted 00:09:20 (2138 turns).

Raultor the Chiller (Octopode Ice Elementalist)     Turns: 2138, Time: 00:09:20

Health: -4/27      AC:  1    Str:  7    XL:     4   Next: 85%
Magic:  5/7        EV: 12    Int: 18    God:
Gold:   75         SH:  0    Dex: 12    Spells: 3 memorised, 1 level left

rFire  . . .     SeeInvis .     d - +0 dagger
rCold  . . .     Clarity  .     (no shield)
rNeg   . . .     SustAt   .     (helmet restricted)
rPois  .         Gourm    .     (no amulet)
rElec  .         Spirit   .     (no ring)
rCorr  .         Warding  .     (no ring)
rMut   .         Stasis   .     (no ring)
MR     .....                    (no ring)
Stlth  +++.......               (no ring)
                                (no ring)
                                (no ring)
                                (no ring)

@: not resistant to hostile enchantments, fairly stealthy
A: almost no armour, amphibious, 8 rings, constrict 8, camouflage 1, gelatinous
body 1
a: no special abilities


You were on level 3 of the Dungeon.
You were hungry.

You visited 1 branch of the dungeon, and saw 3 of its levels.

You collected 75 gold pieces.

Inventory:

Hand Weapons
 d - a +0 dagger (weapon)
Missiles
 k - 3 poisoned needles
Jewellery
 f - an uncursed amulet of faith {unknown}
Wands
 p - a wand of random effects (30)
Scrolls
 g - a scroll of blinking {unknown}
 j - a scroll of amnesia {unknown}
 m - a scroll of immolation {unknown}
Potions
 c - a potion of cancellation {unknown}
 e - a potion of brilliance {unknown}
 i - 2 potions of curing {unknown}
 n - 3 potions of might {unknown}
 o - a potion of haste {unknown}
 q - a potion of heal wounds {unknown}
Books
 a - a book of Frost

   Spells                             Type                      Level
   a - Freeze                         Ice                          1
   b - Throw Frost                    Conjuration/Ice              2
   c - Ozocubu's Armour               Charms/Ice                   3
   d - Throw Icicle                   Conjuration/Ice              4
   e - Summon Ice Beast               Ice/Summoning                4
   f - Condensation Shield            Ice                          4
Comestibles
 b - a bread ration
 h - 2 chunks of flesh
 l - 2 meat rations


   Skills:
 - Level 2.0 Dodging
 - Level 2.6 Stealth
 - Level 2.0 Spellcasting
 - Level 1.0 Conjurations
 + Level 5.4 Ice Magic


You had one spell level left.
You knew the following spells:

 Your Spells              Type           Power        Failure   Level  Hunger
a - Freeze                Ice            ###.         1%          1    #......
b - Throw Frost           Conj/Ice       ##....       10%         2    ###....
c - Ozocubu's Armour      Chrm/Ice       ##......     21%         3    ###....


Dungeon Overview and Level Annotations

Branches:
Dungeon (3/15)

Altars:
Kikubaaqudgha
Qazlal
Xom
The Shining One


Innate Abilities, Weirdness & Mutations

You cannot wear most types of armour.
You are amphibious.
You can wear up to eight rings at the same time.
You can use your tentacles to constrict eight enemies at once.
Your skin changes colour to match your surroundings (Stealth).
Your rubbery body absorbs attacks (AC +1).


Message History

You constrict the orc. The orc hits you.
A goblin comes into view. It is wielding a dagger.
The goblin shouts!
You hit the orc.
The orc is heavily wounded.
You constrict the orc. The orc hits you.
You hit the orc.
You kill the orc!
You closely miss the orc. You grab the orc. You constrict the orc.
You are feeling hungry.
The orc priest calls down the wrath of Beogh upon you.
Something smites you!
* * * LOW HITPOINT WARNING * * *
The orc closely misses you.
You release your grip on the orc.
The orc priest calls upon Beogh to heal the orc.
The orc's wounds heal themselves!
The orc priest calls down the wrath of Beogh upon you.
Something smites you!
You die...

#.........
#####........#
###.........##.#
#...........# .
..#.(.)รท....# ..
##.......## ...
....####....## ..#
###. #......###..#.
# ##.@.....#.!...
#.............o
.#....o....#...
#........)###
...........#
...#.......oo......
.$##.#......og.....
.# #.#............$
# #.............


You could see an orc priest, 3 orcs and a goblin.

Vanquished Creatures
  Natasha (thrice) (D:2)
  2 adders
  A worm (D:2)
  A giant gecko (D:2)
  2 orcs (D:3)
  9 bats
  2 giant cockroaches
  8 goblins
  4 hobgoblins
  4 jackals (D:1)
  4 kobolds
  2 giant newts
  A quokka (D:2)
  4 rats
47 creatures vanquished.

Notes
Turn   | Place    | Note
--------------------------------------------------------------
     0 | D:1      | Raultor the Octopode Ice Elementalist began the quest for the Orb.
     0 | D:1      | Reached XP level 1. HP: 11/11 MP: 3/3
   190 | D:1      | Reached XP level 2. HP: 13/17 MP: 3/5
   194 | D:1      | Learned a level 2 spell: Throw Frost
   601 | D:1      | Reached skill level 4 in Ice Magic
   777 | D:1      | Reached XP level 3. HP: 18/21 MP: 2/6
   786 | D:1      | Learned a level 3 spell: Ozocubu's Armour
  1339 | D:2      | Noticed Natasha
  1348 | D:2      | Killed Natasha
  1348 | D:2      | Reached XP level 4. HP: 15/27 MP: 4/7
  1514 | D:2      | Found a stormy altar of Qazlal.
  1515 | D:2      | Noticed Natasha
  1520 | D:2      | Found an ancient bone altar of Kikubaaqudgha.
  1531 | D:2      | Killed Natasha
  1531 | D:2      | Reached skill level 5 in Ice Magic
  1619 | D:2      | Found a glowing golden altar of the Shining One.
  1732 | D:2      | Found a shimmering altar of Xom.
  1912 | D:2      | Noticed Natasha
  1916 | D:2      | Killed Natasha
  2138 | D:3      | Killed from afar by an orc priest

Vault maps used:
D:1:      matt_arrival_diagonals
D:2:      lemuel_doored_altar, gammafunk_temple_overflow_forgotten,
          kennysheep_generic_room_9, uniq_natasha
D:3:      nicolae_ru_the_path_less_chosen, marbit_many_paths,
          grunt_gozag_statues

Action                   |  1- 3 |  4- 6 || total
-------------------------+-------+-------++-------
Melee: Dagger            |    37 |    29 ||    66
       Unarmed           |     4 |       ||     4
 Cast: Freeze            |    16 |    13 ||    29
       Throw Frost       |     2 |       ||     2
       Ozocubu's Armour  |     1 |       ||     1
 Stab: Sleeping          |     8 |     6 ||    14
  Eat: Chunk             |     2 |     2 ||     4
